Map: Polka LE

Players

qqq

  • Race: Zerg Zerg
  • Spawn Location: 5:00

Massa

  • Race: Terran Terran
  • League: Platinum
  • Spawn Location: 5:00

nAnO - Winner!

  • Race: Zerg Zerg
  • League: Silver
  • Spawn Location: 11:00

GartenZerg - Winner!

  • Race: Zerg Zerg
  • League: Diamond
  • Spawn Location: 11:00

VOD

Have the link to the VOD?

Description

Time

  • Played on: Feb. 6, 2021, 12:13 p.m.
  • Length: 4:21
Show
View Real Time Build Order
Export as new Build Order

qqq Zerg 

Build Orders: Hatch First 

Get SALT Encoding   

  12  0:02  Drone  
  13  0:20  Drone, Overlord  
  14  0:48  Drone  
  15  0:50  Hatchery  
  15  0:52  Drone  
  15  0:56  Drone  
  16  1:04  Drone  
  17  1:14  Extractor  
  16  1:23  Spawning Pool  
  15  1:26  Drone  
  15  1:27  Drone  
  17  1:38  Drone  
  18  1:43  Drone  
  19  1:57  Overlord  
  19  2:09  Drone  
  19  2:11  Queen  
  19  2:12  Queen  
  24  2:15  Drone  
  24  2:17  Zergling x2  
  24  2:19  Drone  
  27  2:28  Zergling x2  
  29  2:30  Zergling x2  
  29  2:36  Zergling x2  
  30  2:42  Zergling x2  
  31  2:47  Zergling x2  
  31  2:49  Drone  
  33  2:56  Roach Warren  
  33  2:57  Drone  
  33  3:00  Lair  
  33  3:02  Drone  
  34  3:09  Overlord  
  34  3:18  Drone  
  34  3:19  Zergling x2  
  36  3:29  Zergling x6  
  36  3:30  Zergling x2  
  36  3:32  Zergling x2  
  35  3:40  Spine Crawler  
  34  3:41  Zergling x2  
  34  3:43  Roach  
  29  3:57  Zergling x4  
  29  3:58  Zergling x2  
Show
View Real Time Build Order
Export as new Build Order

Massa Terran 

Build Orders:  

Get SALT Encoding   

  12  0:02  SCV  
  13  0:14  SCV  
  14  0:26  SCV  
  14  0:28  Supply Depot  
  15  0:49  SCV  
  16  0:53  Refinery  
  16  0:55  Barracks  
  16  1:01  SCV  
  17  1:13  SCV  
  18  1:20  Refinery  
  18  1:26  SCV  
  18  1:31  Supply Depot  
  19  1:38  SCV  
  20  1:48  Barracks  
  20  1:51  Orbital Command  
  20  1:53  Reaper  
  21  2:02  Factory  
  21  2:19  SCV  
  22  2:25  Marine  
  23  2:42  Marine  
  24  3:00  Barracks Tech Lab, Marine  
  24  3:01  Command Center  
  25  3:09  Factory Tech Lab  
  25  3:18  Marine  
  23  3:34  Marine  
  23  3:40  Barracks  
  18  3:42  Barracks  
  18  3:52  Marine  
Show
View Real Time Build Order
Export as new Build Order

nAnO Zerg - Winner!

Build Orders: Pool Only 

Get SALT Encoding   

  12  0:22  Spawning Pool  
  12  0:24  Drone  
  12  0:38  Drone x2  
  12  0:39  Extractor  
  13  1:09  Zergling x2  
  13  1:11  Overlord  
  14  1:29  Queen  
  14  1:30  Zergling x4  
  18  1:44  Zergling x4  
  20  1:49  Metabolic Boost  
  20  2:02  Overlord  
  20  2:15  Zergling x4  
  22  2:31  Zergling x2  
  22  2:37  Zergling x2  
  23  2:45  Zergling x6  
  26  2:53  Zergling x2  
  27  3:09  Zergling x2  
  28  3:18  Zergling x2  
  29  3:28  Zergling x2  
  27  3:45  Zergling x2  
  27  3:57  Zergling x2  
Show
View Real Time Build Order
Export as new Build Order

GartenZerg Zerg - Winner!

Build Orders: Pool First, Zergling Baneling 

Get SALT Encoding   

  12  0:01  Drone  
  13  0:11  Spawning Pool  
  13  0:13  Drone  
  13  0:29  Drone  
  13  0:30  Overlord  
  14  0:36  Extractor  
  13  0:58  Queen  
  13  0:59  Zergling x6  
  18  1:24  Metabolic Boost  
  19  1:32  Zergling x4  
  19  1:33  Zergling x2  
  19  1:39  Hatchery  
  20  2:14  Overlord  
  20  2:15  Zergling x4  
  21  2:21  Baneling Nest  
  21  2:31  Zergling x2  
  21  2:37  Zergling x4  
  23  2:45  Zergling x6  
  23  2:51  Queen  
  27  2:53  Zergling x4  
  29  3:00  Overlord  
  29  3:04  Baneling x2  
  29  3:05  Baneling x3  
  29  3:09  Zergling x2  
  30  3:18  Zergling x8  
  31  3:28  Zergling x4  
  30  3:43  Overlord  
  30  3:45  Zergling x10  
  35  3:55  Baneling x4  
  35  3:57  Zergling x4  
Tags
 
Add a new tag
Caveats
  • Supply blocks, unpowered buildings, or Contaminate may cause inaccurate times.
  • Supply counts are checked every 10 seconds.